Map: Frost LE

Players

IIIIIII

  • Race: Zerg Zerg
  • League: Diamond

llllllllllll - Winner!

  • Race: Protoss Protoss
  • League: Diamond

VOD

Have the link to the VOD?

Description

Time

  • Played on: Sept. 25, 2016, 3:39 p.m.
  • Length: 10:06
Show
View Real Time Build Order
Export as new Build Order

IIIIIII Zerg 

Build Orders: Hatch First 

Get SALT Encoding   

  12  0:01  Drone  
  13  0:08  Drone  
  14  0:16  Overlord  
  14  0:35  Drone  
  14  0:36  Drone x2  
  17  0:53  Hatchery  
  17  0:55  Drone  
  17  1:11  Spawning Pool  
  16  1:14  Drone  
  17  1:19  Drone, Extractor  
  17  1:24  Drone  
  18  1:34  Overlord  
  18  1:41  Drone  
  19  1:51  Drone  
  20  1:57  Queen  
  22  2:04  Queen  
  22  2:06  Zergling x2  
  22  2:07  Drone  
  26  2:12  Drone  
  27  2:15  Drone  
  28  2:23  Metabolic Boost  
  28  2:24  Drone  
  28  2:26  Drone  
  30  2:33  Drone  
  30  2:36  Queen  
  31  2:39  Drone  
  34  2:44  Drone  
  34  2:48  Overlord  
  35  2:54  Overlord  
  35  2:57  Pneumatized Carapace  
  35  2:59  Drone  
  36  3:19  Drone  
  39  3:20  Hatchery, Drone x2  
  39  3:22  Drone  
  39  3:23  Drone  
  39  3:24  Drone  
  41  3:29  Overlord  
  41  3:32  Drone  
  42  3:35  Overlord  
  42  3:49  Extractor  
  42  3:51  Zergling x2, Roach Warren  
  42  3:52  Zergling x8  
  42  3:53  Zergling x2  
  46  3:57  Zergling x2  
  46  4:02  Overlord x2  
  47  4:07  Queen  
  49  4:13  Lair  
  49  4:19  Drone  
  49  4:20  Drone x3  
  49  4:23  Drone  
  52  4:25  Drone  
  53  4:33  Drone  
  53  4:34  Drone, Extractor  
  53  4:35  Drone  
  55  4:39  Queen  
  55  4:41  Drone  
  55  4:43  Drone  
  59  4:48  Drone, Evolution Chamber  
  59  4:49  Drone x2  
  61  4:57  Extractor  
  61  4:58  Drone  
  61  5:00  Drone  
  61  5:06  Drone  
  63  5:07  Drone x4  
  67  5:15  Zerg Missile Weapons Level 1  
  67  5:16  Drone  
  67  5:17  Drone  
  67  5:18  Drone x5  
  67  5:20  Glial Reconstitution  
  74  5:30  Roach  
  74  5:31  Roach x3  
  82  5:37  Overlord x2  
  82  5:52  Overseer  
  82  5:58  Roach  
  82  5:59  Roach x7  
  98  6:06  Overseer  
  98  6:11  Hydralisk Den  
  96  6:13  Roach  
  96  6:17  Burrow  
  98  6:18  Extractor  
  98  6:19  Infestation Pit, Drone  
  98  6:20  Extractor  
  96  6:33  Drone  
  96  6:34  Drone  
  96  6:35  Overlord x2  
  96  6:37  Overlord x2  
  98  6:43  Hydralisk  
  98  6:44  Overlord x3  
  98  6:45  Overlord  
  95  6:50  Spore Crawler  
  95  6:51  Queen  
  95  6:52  Spore Crawler x2  
  85  6:54  Spore Crawler  
  85  6:55  Spore Crawler  
  85  6:56  Hydralisk  
  85  6:58  Overlord  
  85  7:04  Spore Crawler x2  
  78  7:17  Roach  
  78  7:18  Roach  
  78  7:19  Roach x8  
  78  7:22  Roach x11, Spore Crawler  
  95  7:40  Drone x5  
  95  7:41  Drone x2  
  102  7:44  Drone  
  102  7:45  Drone  
  104  7:54  Nydus Network  
  103  8:01  Overlord, Queen  
  105  8:23  Queen  
  88  8:42  Nydus Canal  
  88  8:48  Roach  
  90  8:49  Roach x5  
  90  8:53  Hatchery  
  90  8:55  Drone  
  100  8:59  Queen  
  100  9:02  Spore Crawler  
  98  9:12  Drone  
  87  9:25  Drone  
  88  9:35  Hatchery  
  88  9:37  Drone x2  
Show
View Real Time Build Order
Export as new Build Order

llllllllllll Protoss - Winner!

Build Orders: 1 Gate Expand 

Get SALT Encoding   

  12  0:01  Probe (Chrono Boost)  
  13  0:12  Probe (Chrono Boost)  
  14  0:23  Pylon  
  14  0:29  Probe (Chrono Boost)  
  15  0:41  Probe (Chrono Boost)  
  16  0:47  Gateway  
  16  0:52  Probe (Chrono Boost)  
  16  0:55  Assimilator  
  17  1:00  Assimilator  
  17  1:05  Probe (Chrono Boost)  
  18  1:15  Probe (Chrono Boost)  
  19  1:26  Probe (Chrono Boost)  
  20  1:36  Probe (Chrono Boost)  
  21  1:43  Nexus  
  21  1:50  Probe (Chrono Boost)  
  22  1:59  Cybernetics Core  
  22  2:03  Probe (Chrono Boost)  
  23  2:15  Pylon  
  23  2:24  Pylon  
  23  2:33  Probe (Chrono Boost)  
  23  2:35  Zealot  
  28  2:44  Mothership Core (Chrono Boost)  
  28  2:58  Zealot  
  28  3:02  Probe x2 (Chrono Boost)  
  32  3:13  Probe (Chrono Boost)  
  33  3:22  Assimilator  
  33  3:23  Probe (Chrono Boost)  
  33  3:24  Assimilator  
  34  3:34  Probe (Chrono Boost)  
  35  3:38  Probe (Chrono Boost)  
  35  3:41  Forge  
  36  3:44  Probe (Chrono Boost)  
  36  3:47  Stargate  
  38  3:49  Stargate  
  38  3:50  Probe (Chrono Boost)  
  38  3:51  Stalker, Stargate  
  40  3:58  Probe (Chrono Boost)  
  41  4:05  Probe (Chrono Boost)  
  41  4:09  Probe (Chrono Boost)  
  43  4:16  Pylon  
  44  4:17  Probe (Chrono Boost)  
  43  4:24  Probe (Chrono Boost)  
  43  4:27  Pylon  
  43  4:29  Probe (Chrono Boost)  
  44  4:32  Photon Cannon  
  44  4:36  Probe (Chrono Boost)  
  45  4:42  Probe (Chrono Boost)  
  45  4:45  Oracle  
  49  4:48  Oracle  
  52  4:54  Oracle  
  55  5:05  Probe (Chrono Boost)  
  56  5:07  Photon Cannon  
  56  5:17  Probe (Chrono Boost)  
  56  5:20  Oracle  
  60  5:24  Oracle  
  63  5:28  Oracle  
  63  5:31  Probe (Chrono Boost)  
  63  5:34  Pylon  
  67  5:40  Pylon  
  67  5:42  Photon Cannon  
  68  5:43  Probe (Chrono Boost)  
  68  5:47  Probe (Chrono Boost)  
  69  5:55  Probe (Chrono Boost)  
  70  5:59  Oracle x3  
  79  6:13  Pylon  
  79  6:16  Pylon  
  79  6:26  Photon Cannon  
  79  6:35  Oracle x2  
  85  6:55  Oracle  
  88  7:10  Oracle  
  88  7:11  Oracle  
  94  7:18  Pylon  
  94  7:23  Pylon  
  94  7:24  Pylon  
  94  7:31  Photon Cannon  
  94  7:35  Nexus  
  94  7:41  Pylon  
  94  7:44  Pylon  
  94  7:47  Void Ray  
  94  7:52  Void Ray x2  
  106  7:59  Pylon  
  106  8:03  Stargate  
  106  8:14  Photon Cannon  
  106  8:16  Photon Cannon  
  106  8:18  Photon Cannon  
  106  8:20  Photon Cannon  
  106  8:23  Photon Cannon  
  106  8:24  Void Ray  
  105  9:18  Void Ray  
  105  9:23  Void Ray  
  121  10:01  Photon Cannon x2  
  121  10:03  Pylon  
Tags
 
Add a new tag
Caveats
  • Supply blocks, unpowered buildings, or Contaminate may cause inaccurate times.
  • Supply counts are checked every 10 seconds.